 Dungeon Crawl Stone Soup version 0.31-a0-221-gbddc013574 (webtiles) character file.

Game seed: 11172263100154209652

120 qw the Shooter (level 5, -1/30 HPs)
             Began as a Gargoyle Hexslinger on July 3, 2023.
             Slain by a lemure (2 damage)
             ... led by Pikel
             ... on level 4 of the Dungeon.
             The game lasted 00:00:59 (2579 turns).

qw the Shooter (Gargoyle Hexslinger)                Turns: 2579, Time: 00:00:59

Health: -1/30      AC:  9    Str: 12    XL:     5   Next: 4%
Magic:  6/6        EV: 10    Int: 13    God:
Gold:   181        SH:  0    Dex: 14    Spells: 5/6 levels left

rFire   . . .        Y - +1 sling
rCold   . . .        (no shield)
rNeg    + . .        d - +0 ring mail
rPois   inf          (no helmet)
rElec   +            (no cloak)
rCorr   .            (no gloves)
SInv    .            (no boots)
Will    .....        f - amulet of regeneration
Stlth   +            (no ring)
HPRegen 1.05/turn    (no ring)
MPRegen 0.10/turn

%: no passive effects
@: no status effects
A: sickness immunity, AC +4, negative energy resistance 1, electricity
resistance, torment resistance 1, petrification resistance
a: no special abilities


You were on level 4 of the Dungeon.
You visited 1 branch of the dungeon, and saw 4 of its levels.

You collected 181 gold pieces.


Innate Abilities, Weirdness & Mutations

You are immune to sickness and miasma.
Your stone body is resilient. (AC +4)
You are immune to poison.
You resist negative energy. (rN+)
You are resistant to electric shocks. (rElec)
You are resistant to unholy torment.
You are immune to petrification.


   Skills:
 - Level 2.0 Fighting
 + Level 4.6 Ranged Weapons
 - Level 1.0 Armour
 - Level 1.5 Dodging
 - Level 1.0 Spellcasting
 - Level 2.6 Hexes


You had 5 spell levels left.
You knew the following spells:

 Your Spells              Type           Power      Damage    Failure   Level
a - Slow                  Hex            28%        N/A       22%         1

Your spell library contained the following spells:

 Spells                   Type           Power      Damage    Failure   Level
 Inner Flame              Hex/Fire       4%         N/A       73%         3
 Portal Projectile        Hex/Tloc       8%         N/A       73%         3
 Cause Fear               Hex            3%         N/A       91%         4

Inventory:

Hand Weapons
 Y - a +1 sling (weapon)
Armour
 d - a +0 ring mail (worn)
Jewellery
 b - an amulet of magic regeneration
 f - an amulet of regeneration (around neck)
Scrolls
 a - 2 scrolls of teleportation
 c - a scroll of identify
Potions
 e - a potion of cancellation {unknown}
 g - a potion of curing {unknown}
 i - a potion of enlightenment {unknown}
 l - a potion of ambrosia {unknown}

Dungeon Overview and Level Annotations

Branches:
Dungeon (4/15)
 Temple: D:4-7

Altars:
Sif Muna

Annotations:
D:4 Pikel


Message History

The sling bullet hits the hobgoblin.
The hobgoblin is heavily wounded.
Pikel says, "All the demons know me.
They respect me."
You shoot a sling bullet.
The sling bullet closely misses the hobgoblin.
The sling bullet closely misses the lemure.
A lemure comes into view.
You shoot a sling bullet. The sling bullet hits the hobgoblin.
You kill the hobgoblin!
You shoot a sling bullet. The sling bullet hits the lemure.
The lemure is moderately wounded.
The lemure hits you but does no damage.
You shoot a sling bullet.
The sling bullet barely misses the lemure.
The sling bullet hits Pikel but does no damage.
The lemure hits you.
You shoot a sling bullet.
The sling bullet barely misses the lemure.
The sling bullet hits the lemure.
The lemure is lightly wounded.
The lemure hits you but does no damage.
Pikel hits you with a +1 whip of flaming!
Pikel burns you.
You shoot a sling bullet.
The sling bullet barely misses the lemure.
The lemure hits you but does no damage. The lemure closely misses you.
Pikel hits you with a +1 whip of flaming.
Pikel burns you. The lemure hits you. Pikel hits you but does no damage.
The lemure hits you but does no damage. The lemure hits you.
The lemure misses you.
You shoot a sling bullet.
The sling bullet barely misses the lemure.
The lemure hits you. The lemure hits you but does no damage.
Pikel hits you with a +1 whip of flaming.
Pikel burns you. The lemure hits you but does no damage.
You shoot a sling bullet.
The sling bullet hits the lemure but does no damage.
The lemure is moderately wounded.
The lemure hits you. x2; Pikel barely misses you.
The lemure hits you.
You die...

## #### #.# #..###
...##.K####....##
.....55@........##
......55.........##
.....#######......##
.... ##).....# ...
#.....#.# ..
##...##### . ##....#
### ##....## #.#
###....#####.#


You could see Pikel and 4 lemures.

Vanquished Creatures
  An iguana (D:4)
  An adder (D:3)
  4 worms
  2 dart slugs (D:1)
  4 bats
  5 endoplasms
  4 giant cockroaches
  9 goblins
  6 hobgoblins
  2 quokkas
  9 ball pythons
  7 frilled lizards
  5 kobolds
  7 rats
66 creatures vanquished.

Notes
Turn   | Place    | Note
-------+----------+-------------------------------------------
     0 | D:1      | qw the Gargoyle Hexslinger began the quest for the Orb.
     0 | D:1      | Reached XP level 1. HP: 12/12 MP: 2/2
     0 | D:1      | 0 ||| qw: Version: 0.3-a-40-ge99b1a8
     0 | D:1      | 0 ||| qw: Game counter: 498
     0 | D:1      | 0 ||| qw: Melee chars always use a shield: true
     0 | D:1      | 0 ||| qw: God list: Okawaru
     0 | D:1      | 0 ||| qw: Allow faded altars: false
     0 | D:1      | 0 ||| qw: Do Orc after clearing Dungeon:15 true
     0 | D:1      | 0 ||| qw: Do second Lair branch before Depths: true
     0 | D:1      | 0 ||| qw: Lair rune preference: random
     0 | D:1      | 0 ||| qw: Goals: Normal
     0 | D:1      | 0 ||| PLANNING D:1-11
    40 | D:1      | 40 ||| FLEEEEING.
    42 | D:1      | 42 ||| FLEEEEING.
    43 | D:1      | 43 ||| FLEEEEING.
    53 | D:1      | Reached XP level 2. HP: 13/16 MP: 3/3
    88 | D:1      | Reached skill level 3 in Ranged Weapons
   375 | D:1      | Reached XP level 3. HP: 21/21 MP: 4/4
   654 | D:1      | 654 ||| UPGRADING to +0 ring mail.
   664 | D:1      | 664 ||| DROPPING +0 robe.
   665 | D:1      | 665 ||| UPGRADING to amulet of regeneration.
   670 | D:1      | 670 ||| READING scroll labelled UWUIREA KEVVI.
   671 | D:1      | 671 ||| DROPPING scroll of poison.
  1120 | D:2      | Reached XP level 4. HP: 26/26 MP: 5/5
  1434 | D:2      | Reached skill level 4 in Ranged Weapons
  1455 | D:2      | 1455 ||| DROPPING amulet of the acrobat.
  1456 | D:2      | 1456 ||| READING 2 scrolls labelled OPREIT YLEOPI.
  1460 | D:2      | 1460 ||| READING scroll labelled RANTAM INUNOE.
  1461 | D:2      | 1461 ||| READING scroll labelled USISESIFRE.
  1462 | D:2      | 1462 ||| READING scroll labelled JASSIU BUOMUISK.
  1467 | D:2      | 1467 ||| DRINKING 2 puce potions.
  1468 | D:2      | 1468 ||| READING 2 scrolls of identify.
  1468 | D:2      | 1468 ||| IDENTIFYING smoky dark potion
  1469 | D:2      | 1469 ||| DROPPING potion of attraction.
  1470 | D:2      | 1470 ||| DROPPING potion of degeneration.
  1669 | D:3      | 1669 ||| READING scroll labelled VOMINO ENIE.
  1860 | D:3      | Reached skill level 1 in Armour
  1876 | D:3      | Found a shimmering blue altar of Sif Muna.
  2491 | D:3      | 2491 ||| DROPPING scarf of harm.
  2551 | D:4      | Reached XP level 5. HP: 30/30 MP: 6/6
  2569 | D:4      | Noticed a lemure
  2569 | D:4      | Noticed a lemure
  2570 | D:4      | Noticed a lemure
  2570 | D:4      | Noticed Pikel
  2572 | D:4      | Noticed a lemure
  2579 | D:4      | HP: 5/30 [lemure[Pikel] (5)]
  2579 | D:4      | HP: 1/30 [lemure[Pikel] (4)]
  2579 | D:4      | Slain by a lemure

Levels and vault maps discovered:
D:1:      eino_arrival_druids_welcome, layout_basic, minmay_bisected
D:2:      layout_loops_corners
D:3:      layout_loops_ring, nicolae_sif_muna_little_library,
          serial_co_window_serial, co_window_corner_a, co_window_cross_1,
          co_window_corner_a, co_window_corner_a, co_window_corner_a,
          co_window_of_opportunity_c, co_window_corner_cb, co_window_broadway_b,
          co_window_paths_d, co_window_paths_e, glass_columns_a,
          glass_columns_a, glass_columns_a, glass_columns_a, kennysheep_doodads
D:4:      layout_layer_cave, serial_shops, shop,
          amcnicky_mini_rare_corridor_liquid, uniq_robin, uniq_pikel,
          uniq_duvessa

Skill      XL: |  1  2  3  4 |
---------------+-------------+-----
Ranged Weapons | 3 4 |  4.6
Fighting       | 2 |  2.0
Armour         | 1 |  1.0
Dodging        | |  1.5
Spellcasting   | |  1.0
Hexes          | |  2.6

Action                     |  1- 3 |  4- 6 || total
---------------------------+-------+-------++-------
   Fire: Sling             |   127 |    93 ||   220
    Use: Scroll            |     1 |     6 ||     7
         Potion            |       |     1 ||     1
 Armour: Robe              |    10 |       ||    10
         Ring mail         |     4 |    29 ||    33
  Dodge: Dodged            |    24 |    20 ||    44

Table legend:
 A = Non-vault XP
 B = Vault XP
 C = Vault XP percentage of total XP
 D = Non-vault monster count
 E = Vault monster count
 F = Vault count percentage of total count
                 A         B        C        D         E       F
            +---------+---------+-------+---------+---------+-------
      Total |     168 |       4 |   2.3 |      64 |       2 |   3.0
            +---------+---------+-------+---------+---------+-------
        D:1 |      48 |       4 |   7.7 |      27 |       2 |   6.9
        D:2 |      43 |       0 |   0.0 |      23 |       0 |   0.0
        D:3 |      35 |       0 |   0.0 |      11 |       0 |   0.0
        D:4 |      42 |       0 |   0.0 |       3 |       0 |   0.0
            +---------+---------+-------+---------+---------+-------
